 Dungeon Crawl Stone Soup version 0.30-a0-54-g2e61a25929 (webtiles) character file.

Game seed: 13331256839395134550

104071 AarnesTheHuman the Warrior (level 16, -2/187 HPs)
             Began as an Ogre Gladiator on Sept 7, 2022.
             Was the Champion of Okawaru.
             Slain by an ettin
             ... wielding a +0 dire flail
              (20 damage)
             ... on level 14 of the Dungeon on Sept 8, 2022.
             The game lasted 02:31:17 (49023 turns).

AarnesTheHuman the Warrior (Ogre Gladiator)        Turns: 49023, Time: 02:31:17

Health: -2/187     AC: 13    Str: 21    XL:     16   Next: 37%
Magic:  24/24      EV:  8    Int: 17    God:    Okawaru [******]
Gold:   2178       SH: 13    Dex: 12    Spells: 15/15 levels left

rFire   + . .      SeeInvis .    a - +1 whip (elec)
rCold   + + .      Faith    +    Z - +5 kite shield "Baletam" {rElec Will++ Str-5 Int+4}
rNeg    . . .      Spirit   .    K - +0 ice dragon scales
rPois   .          Reflect  .    P - +1 hat "Olawn" {Int+4 Stlth+}
rElec   +          Harm     .    u - scarf {rC+ rF+}
rCorr   .          Rampage  .    (gloves unavailable)
Will    +++..                    (boots unavailable)
Stlth   +.........               E - amulet of faith
HPRegen 0.41/turn                x - +4 ring of slaying
MPRegen 0.19/turn                O - ring of fire

@: studying Fighting
A: large, unfitting armour, tough skin 1
a: Renounce Religion, Heroism, Finesse, Duel


You were on level 14 of the Dungeon.
You worshipped Okawaru.
Okawaru was exalted by your worship.
You visited 4 branches of the dungeon, and saw 23 of its levels.
You also visited: Ossuary and Ice Cave.

You collected 3043 gold pieces.
You spent 865 gold pieces at shops.

Inventory:

Hand Weapons
 a - a +1 whip of electrocution (weapon)
 b - a +2 spectral giant club
 R - a +4 dire flail of freezing
Missiles
 n - 6 datura-tipped darts
 o - 16 poisoned darts
 q - 54 stones
 y - a curare-tipped dart
 N - 8 large rocks (quivered)
 V - 3 javelins
Armour
 u - a scarf of resistance (worn)
 K - +0 ice dragon scales (worn)
 P - the +1 hat "Olawn" (worn) {Int+4 Stlth+}
   (Okawaru gifted it to you on level 2 of the Lair of Beasts)

   Int:       It affects your intelligence (+4).
   Stlth:     It makes you more stealthy.
 U - the +0 robe "Hiamuyx" {rPois Str+7 Stlth-}
   (Okawaru gifted it to you on level 11 of the Dungeon)

   Str:       It affects your strength (+7).
   rPois:     It protects you from poison.
   Stlth:     It makes you less stealthy.
 Z - the +5 kite shield "Baletam" (worn) {rElec Will++ Str-5 Int+4}
   (Okawaru gifted it to you on level 14 of the Dungeon)

   Str:       It affects your strength (-5).
   Int:       It affects your intelligence (+4).
   rElec:     It insulates you from electricity.
   Will:      It greatly increases your willpower.
Jewellery
 d - the ring "Voduhy" {rC+ Will+ Stlth+}
   (You bought it in a shop on level 2 of the Orcish Mines)

   [ring of protection from cold]

   rC:        It protects you from cold.
   Will:      It increases your willpower.
   Stlth:     It makes you more stealthy.
 s - an amulet of reflection
 x - a +4 ring of slaying (left hand)
 B - a +6 ring of intelligence
 E - an amulet of faith (around neck)
 L - a ring of poison resistance
 O - a ring of fire (right hand)
Wands
 e - a wand of digging (4)
 f - a wand of mindburst (10)
 z - a wand of iceblast (14)
 D - a wand of flame (40)
 M - a wand of paralysis (11)
Scrolls
 g - 4 scrolls of amnesia
 h - 2 scrolls of blinking
 j - 3 scrolls of magic mapping
 k - 2 scrolls of identify
 p - 5 scrolls of fear
 I - 15 scrolls of teleportation
 S - 3 scrolls of enchant weapon
 T - a scroll of vulnerability
 X - 2 scrolls of enchant armour
Potions
 c - 7 potions of mutation
 i - 6 potions of haste
 l - 4 potions of flight
 m - 7 potions of curing
 r - 5 potions of heal wounds
 t - a potion of cancellation
 v - 2 potions of might
 w - 3 potions of resistance
 A - a potion of magic
 G - 3 potions of attraction
 H - a potion of ambrosia
 J - 3 potions of brilliance
 Q - 3 potions of invisibility
 Y - a potion of berserk rage


   Skills:
 + Level 18.3 Fighting
 - Level 3.2(10.3) Axes
 - Level 13.8(14.0) Maces & Flails
 + Level 14.0 Throwing
 - Level 7.0 Armour
 - Level 6.0 Dodging
 - Level 4.0 Shields
 + Level 10.8 Invocations
 - Level 5.0 Evocations


You had 15 spell levels left.
You didn't know any spells.
Your spell library contained the following spells:

 Spells                   Type           Power      Damage    Failure   Level
 Beastly Appendage        Tmut           0%         N/A       86%         1
 Shock                    Conj/Air       0%         1d3       86%         1
 Slow                     Hex            0%         N/A       86%         1
 Blink                    Tloc           0%         N/A       94%         2
 Ensorcelled Hibernation  Hex/Ice        0%         N/A       94%         2
 Passwall                 Tmut/Erth      0%         N/A       94%         2
 Static Discharge         Conj/Air       0%         3-3/arc   94%         2
 Wereblood                Tmut           0%         N/A       94%         2
 Confusing Touch          Hex            0%         N/A       99%         3
 Lesser Beckoning         Tloc           0%         N/A       99%         3
 Spider Form              Tmut/Pois      0%         N/A       99%         3
 Swiftness                Air            0%         N/A       99%         3
 Vampiric Draining        Necr           0%         2d6       99%         3
 Airstrike                Air            0%         2d(0-16)  100%        4
 Anguish                  Hex/Necr       0%         N/A       100%        4
 Dispel Undead            Necr           0%         3d6       100%        4
 Fulminant Prism          Conj/Hex       0%         3d6       100%        4
 Iskenderun's Mystic Bla  Conj/Tloc      0%         2d3       100%        4
 Olgreb's Toxic Radiance  Pois           0%         N/A       100%        4
 Sticky Flame             Conj/Fire      0%         2d3       100%        4
 Lee's Rapid Deconstruct  Erth           0%         3d5*      100%        5
 Lightning Bolt           Conj/Air       0%         1d11      100%        5
 Manifold Assault         Tloc           0%         N/A       100%        5
 Dispersal                Tloc           0%         N/A       100%        6
 Ozocubu's Refrigeration  Ice            0%         4d7       100%        7
 Disjunction              Tloc           0%         N/A       100%        8
 Ignition                 Fire           0%         3d3       100%        8
 Summon Lightning Spire   Summ/Air       Unusable   N/A       N/A         4

Dungeon Overview and Level Annotations

Branches:
Dungeon (15/15)            Temple (1/1) D:7            Lair (5/5) D:10
  Swamp (0/4) Lair:3       Spider (0/4) Lair:2        Slime (0/5) Lair:4
    Orc (2/2) D:11            Elf (0/3) Orc:2        Vaults (0/5) D:14
Ossuary (visited)           IceCv (visited)
 Depths: D:15

Altars:
Ashenzari
Cheibriados
Dithmenos
Elyvilon
Fedhas
Gozag
Hepliaklqana
Kikubaaqudgha
Makhleb
Nemelex Xobeh
Okawaru
Qazlal
Ru
Sif Muna
Trog
Uskayaw
Vehumet
Wu Jian
Xom
Yredelemnul
Zin
The Shining One
Jiyva

Shops:
D:1 (   D:4 *   D:10 [=(   D:13 !!*   Orc:2 =(=

Annotations:
D:3 exclusion: downstairs
D:4 exclusion: downstairs
D:5 1 runed translucent door, exclusion: downstairs, Crazy Yiuf
D:7 exclusion: downstairs
D:8 exclusion: 2 downstairs
D:9 exclusion: 3 downstairs
D:10 exclusion: 3 downstairs
D:12 3 runed translucent doors, exclusion: 3 doors, fly's ghost, journeyman DgDe
D:13 exclusions: downstairs and 2 statues
D:14 exclusion: downstairs
D:15 Rupert
Lair:3 1 runed translucent door, exclusion: door, Onkuvak's ghost, journeyman TrMo
Lair:5 1 exclusion


Innate Abilities, Weirdness & Mutations

You are too large for most types of armour.
You have tough skin. (AC +1)


Message History

The ettin attacks as you move away!
The ettin hits you with a +0 dire flail!!
The ettin completely misses you. The ettin attacks as you move away!
The ettin hits you with a +0 dire flail.
The ettin hits you with a +0 dire flail!
The ettin attacks as you move away!
The ettin hits you with a +0 dire flail!!
* * * LOW HITPOINT WARNING * * *
The ettin hits you with a +0 dire flail!!
* * * LOW HITPOINT WARNING * * *
Unknown command.
You hit the ettin but do no damage.
The ettin is moderately wounded.
The ettin hits you but does no damage. You block the ettin's attack.
Unknown command.
Unknown command.
Press: ? - help, v - describe, . - travel
Here: an ettin, wielding two +0 dire flails (moderately wounded, very poisoned)
The floor, spattered with blood.
Unknown command.
Unknown command.
Unknown command.
Unknown command.
Unknown command.
Unknown command.
Unknown command.
Okay, then.
Unknown command.
Unknown command.
Okay, then.
Unknown command.
Unknown command.
Unknown command.
Okay, then.
Unknown command.
Unknown command.
The ettin attacks as you move away! You block the ettin's attack.
The ettin hits you with a +0 dire flail!!
You die...

#................###....#####.
#..##.....###.##......########
####≈~.#.###..##.........####....
...#≈≈~..# ##.#...............#..
....≈≈≈~.# ##))............###...
....≈≈≈~.###>†#.....#####........
####≈≈≈~.##(.###...## #........
#≈≈≈~.##)## #C..# #........
####~~~..##.# #@.## #.....#..
...'.....#..# #..# #####....
...'...÷)).## #..# ##.#..
...'.....#.# ##..# #.....
####~~~....# #...### #..##.
#≈≈~~.### #.#...# ####.....
####≈≈≈~.# #.#.#.# ##.....###
.[..≈≈≈~.# ###.#.#.####..#...# #
.)..≈≈≈~.# ##...#.#...#.....#####


You could see an ettin (very poisoned).

Vanquished Creatures
  An orc warlord (Orc:2)
  Louise (D:14)
  A reaper (IceCv)
  An ettin (Orc:2)
  Josephine (D:14)
  A great orb of eyes (D:13)
  2 ogre magi (Orc:2)
  The ghost of ngirn the Unseen, a journeyman SpEn of Dithmenos (D:14)
  7 hydras
  7 boulder beetles
  4 vault guards (D:14)
  Erolcha (D:12)
  Erica (D:8)
  2 centaur warriors
  5 death yaks (Lair:2)
  6 two-headed ogres
  3 tengu warriors
  A deep elf knight (D:12)
  Nergalle (D:12)
  5 skeletal warriors
  2 deep trolls (D:15)
  A bog body (Lair:3)
  Lodul (D:14)
  A wizard (D:15)
  2 orc knights
  11 orc sorcerers (Orc:2)
  A wolf spider (D:12)
  4 cyclopes
  15 ugly things
  5 manticores
  15 elephants
  4 black mambas
  9 cane toads
  2 ice statues (IceCv)
  2 gargoyles
  Maggie (D:9)
  A yaktaur (D:14)
  4 komodo dragons
  6 kobold demonologists
  4 rime drakes
  A demonic crawler (Lair:2)
  3 tengu conjurers
  5 ice devils (IceCv)
  2 anaconda simulacra (IceCv)
  6 hornets
  Grinder (D:3)
  4 polar bears
  6 trolls
  19 blink frogs
  5 slime creatures (D:12)
  A dream sheep (Lair:5)
  A dire elephant simulacrum (IceCv)
  A centaur simulacrum (D:15)
  2 shadows
  11 spriggans (Lair:5)
  9 wyverns
  3 basilisks
  7 wraiths
  47 yaks
  4 vampires
  Eustachio (D:4)
  2 humans (D:14)
  A steam dragon (D:7)
  13 vampire mosquitoes
  Menkaure (D:7)
  A warg (Orc:2)
  3 death yak simulacra (IceCv)
  Edmund (D:6)
  13 water moccasins
  19 orc warriors
  An ice beast (D:8)
  3 sky beasts
  8 black bears
  17 ogres
  5 boggarts (Lair:5)
  3 centaurs
  40 wolves
  4 phantoms (D:6)
  3 kobold brigands
  10 bullfrogs
  8 scorpions
  A necrophage (D:5)
  2 gnoll sergeants
  3 two-headed ogre simulacra (IceCv)
  A water moccasin zombie (Ossuary)
  11 wights
  An elephant simulacrum (IceCv)
  4 killer bees (D:9)
  2 electric eels
  2 centaur zombies (Ossuary)
  5 jellies
  3 bullfrog zombies (Ossuary)
  19 orc priests
  A hound (D:5)
  2 gnoll boudas
  Jessica (D:3)
  4 iguanas
  35 orc wizards
  Ijyb (D:3)
  2 spriggan simulacra (IceCv)
  3 troll simulacra (IceCv)
  2 polar bear simulacra (IceCv)
  A mummy (Ossuary)
  6 adders
  21 gnolls
  2 naga simulacra (IceCv)
  A shadow imp (D:6)
  14 white imps
  4 ufetubi
  4 adder zombies (Ossuary)
  2 worms (Lair:2)
  4 dart slugs
  87 orcs
  6 bats
  4 endoplasms
  4 giant cockroaches
  2 gnoll zombies (Ossuary)
  6 goblins
  11 hobgoblins
  17 kobolds
  5 quokkas
  3 ball pythons
  7 frilled lizards
  2 hobgoblin zombies (Ossuary)
  3 orc zombies (Ossuary)
  3 rats
762 creatures vanquished.

Vanquished Creatures (others)
  A sky beast (D:7)
  A bush (Lair:5)
  28 fungi
  61 plants
91 creatures vanquished.

Grand Total: 853 creatures vanquished

Notes
Turn   | Place    | Note
-------+----------+-------------------------------------------
     0 | D:1      | AarnesTheHuman the Ogre Gladiator began the quest for the
                  | Orb.
     0 | D:1      | Reached XP level 1. HP: 22/22 MP: 1/1
    90 | D:1      | Reached XP level 2. HP: 19/29 MP: 2/2
   337 | D:1      | You fall into a shaft and drop 1 floor!
   539 | D:2      | Reached XP level 3. HP: 36/36 MP: 3/3
  1161 | D:1      | Found Ufehead's Antique Weapon Shop.
  1985 | D:3      | Noticed Grinder
  1992 | D:3      | Killed Grinder
  1993 | D:3      | Reached skill level 5 in Throwing
  1993 | D:3      | Reached skill level 3 in Fighting
  1993 | D:3      | Reached skill level 1 in Armour
  1993 | D:3      | Reached XP level 4. HP: 45/45 MP: 4/4
  1993 | D:3      | Reached XP level 5. HP: 53/53 MP: 5/5
  1993 | D:3      | Reached XP level 6. HP: 61/61 MP: 6/6
  2276 | D:3      | Noticed Jessica
  2278 | D:3      | Killed Jessica
  2311 | D:3      | Found a glowing silver altar of Zin.
  2604 | D:3      | Noticed Ijyb
  2620 | D:3      | Killed Ijyb
  2621 | D:3      | Reached skill level 4 in Fighting
  2854 | D:4      | Found Ipluh's Assorted Antiques.
  3703 | D:4      | Reached XP level 7. HP: 71/71 MP: 7/7
  3711 | D:4      | Noticed Eustachio
  3735 | D:4      | Killed Eustachio
  3736 | D:4      | Reached skill level 5 in Fighting
  3904 | D:4      | Noticed a +0 short sword
  3904 | D:4      | Noticed a +0 spear
  3905 | D:4      | Noticed a +0 dagger
  3905 | D:4      | Noticed a +0 falchion
  3906 | D:4      | Noticed a +0 spear
  3907 | D:4      | Noticed a +0 falchion
  3908 | D:4      | Noticed a +0 dagger
  3908 | D:4      | Noticed a +0 short sword
  3942 | D:4      | Found a hide-covered altar of Uskayaw.
  4505 | D:5      | Entered Level 5 of the Dungeon
  4931 | D:5      | Reached XP level 8. HP: 81/81 MP: 8/8
  5200 | D:5      | Reached skill level 6 in Fighting
  5941 | D:5      | Found a runed translucent door.
  5942 | D:5      | Noticed Crazy Yiuf
  6813 | D:6      | Reached skill level 7 in Fighting
  6813 | D:6      | Reached XP level 9. HP: 93/93 MP: 9/9
  7305 | D:6      | Reached skill level 8 in Fighting
  7508 | D:6      | Noticed a two-headed ogre
  8190 | D:6      | Killed a two-headed ogre
  8191 | D:6      | Reached skill level 5 in Maces & Flails
  8352 | D:6      | Found a basalt altar of Yredelemnul.
  8365 | D:6      | Noticed Edmund
  8375 | D:6      | Found a shimmering altar of Xom.
  8376 | D:6      | Killed Edmund
  8377 | D:6      | Reached XP level 10. HP: 106/106 MP: 10/10
  8462 | D:6      | Reached skill level 9 in Fighting
  9166 | D:7      | Noticed Menkaure
  9167 | D:7      | Killed Menkaure
  9176 | D:7      | Found a staircase to the Ecumenical Temple.
  9202 | Temple   | Entered the Ecumenical Temple
  9470 | Temple   | Became a worshipper of Warmaster Okawaru
  9681 | D:7      | Reached skill level 5 in Armour
  9784 | D:7      | Reached skill level 1 in Invocations
 10115 | D:7      | Found a hazy altar of Hepliaklqana.
 10502 | D:8      | Found an opulent altar of Gozag.
 10571 | D:8      | Found a sand-covered staircase.
 10573 | D:8      | Noticed Erica
 10600 | D:8      | Killed Erica
 10600 | D:8      | Reached * piety under Okawaru
 10630 | Ossuary  | Entered an ossuary
 11793 | D:8      | Reached skill level 10 in Fighting
 12621 | D:8      | Reached skill level 10 in Throwing
 13167 | D:8      | Reached ** piety under Okawaru
 13703 | D:9      | Reached XP level 11. HP: 119/119 MP: 14/14
 13950 | D:9      | Reached skill level 5 in Invocations
 13974 | D:9      | Reached *** piety under Okawaru
 14411 | D:9      | Noticed Maggie
 14433 | D:9      | Killed Maggie
 14434 | D:9      | Reached skill level 11 in Fighting
 14662 | D:10     | Entered Level 10 of the Dungeon
 14668 | D:10     | Found Ciric's Armour Shop.
 14927 | D:10     | Noticed a manticore
 14993 | D:10     | Found Bukhley's Jewellery Emporium.
 15472 | D:10     | Reached **** piety under Okawaru
 15473 | D:10     | Reached skill level 12 in Fighting
 15595 | D:10     | Found a staircase to the Lair.
 15786 | D:10     | Found Wakanuemn's Weapon Shoppe.
 15881 | D:10     | Found an ancient bone altar of Kikubaaqudgha.
 15930 | D:10     | Killed a manticore
 16597 | D:11     | Noticed a two-headed ogre
 16597 | D:11     | Noticed a cyclops
 16848 | D:10     | Found Bukhley's Jewellery Emporium.
 16855 | D:10     | Found Ciric's Armour Shop.
 16874 | D:10     | Found Wakanuemn's Weapon Shoppe.
 16992 | D:10     | Found an ancient bone altar of Kikubaaqudgha.
 17084 | D:10     | Killed a two-headed ogre
 17118 | D:10     | Found a staircase to the Lair.
 17552 | D:10     | Bought a ring of poison resistance for 300 gold pieces
 17565 | Lair:1   | Entered Level 1 of the Lair of Beasts
 18078 | D:10     | Received a gift from Okawaru
 18694 | Lair:1   | Received a gift from Okawaru
 18694 | Lair:1   | Reached ***** piety under Okawaru
 18844 | Lair:1   | Reached XP level 12. HP: 133/133 MP: 16/16
 19308 | Lair:1   | Reached skill level 13 in Fighting
 19910 | Lair:2   | You fall into a shaft and drop 1 floor!
 20113 | Lair:1   | Received a gift from Okawaru
 20626 | Lair:2   | Reached skill level 14 in Fighting
 20678 | Lair:2   | Found a hole to the Spider Nest.
 20828 | Lair:1   | Reached ****** piety under Okawaru
 20832 | Lair:1   | Received a gift from Okawaru
 21626 | Lair:2   | Reached skill level 15 in Fighting
 21626 | Lair:2   | Reached skill level 10 in Maces & Flails
 22096 | Lair:3   | Found a staircase to the Swamp.
 22177 | Lair:2   | Reached XP level 13. HP: 85/149 MP: 16/18
 22746 | Lair:3   | Found a runed translucent door.
 23133 | Lair:2   | Found a hole to the Spider Nest.
 23302 | Lair:3   | Noticed Onkuvak's ghost (journeyman TrMo)
 23302 | Lair:3   | Identified the +1 spear "Lacertilianslayer" {vamp, Contam
                  | rElec rF+++ Dex+9}
 23446 | Lair:2   | Received a gift from Okawaru
 24018 | Lair:2   | Identified the +1 hat "Olawn" {Int+4 Stlth+} (Okawaru
                  | gifted it to you on level 2 of the Lair of Beasts)
 24018 | Lair:2   | Received a gift from Okawaru
 25313 | Lair:4   | Found a frozen archway.
 25376 | IceCv    | Entered an ice cave
 29522 | IceCv    | Noticed a reaper
 29539 | IceCv    | Killed a reaper
 30337 | Lair:4   | Reached skill level 5 in Dodging
 30607 | Lair:4   | Received a gift from Okawaru
 31240 | Lair:4   | Found a viscous altar of Jiyva.
 31240 | Lair:4   | Found a staircase to the Slime Pits.
 31575 | Lair:5   | Entered Level 5 of the Lair of Beasts
 31637 | Lair:4   | Received a gift from Okawaru
 31769 | Lair:5   | Reached XP level 14. HP: 56/161 MP: 20/20
 32243 | Lair:5   | Received a gift from Okawaru
 32682 | Lair:5   | Reached skill level 16 in Fighting
 33514 | Lair:5   | Received a gift from Okawaru
 34902 | D:11     | Identified the +0 robe "Hiamuyx" {rPois Str+7 Stlth-}
                  | (Okawaru gifted it to you on level 11 of the Dungeon)
 34902 | D:11     | Received a gift from Okawaru
 35257 | D:11     | Found a staircase to the Orcish Mines.
 35635 | D:11     | Identified the +3 ring mail "Zobogim" {Int+3}
 35988 | D:12     | Noticed Erolcha
 35993 | D:12     | Killed Erolcha
 36390 | D:12     | Identified the +4 cloak of Precision Catastrophes {*Slow
                  | rPois Dex+7} (Okawaru gifted it to you on level 12 of the
                  | Dungeon)
 36390 | D:12     | Received a gift from Okawaru
 37426 | D:12     | Noticed Nergalle
 37432 | D:12     | Reached XP level 15. HP: 171/171 MP: 18/21
 37436 | D:12     | Killed Nergalle
 37736 | D:12     | Found a runed translucent gate.
 37736 | D:12     | Found a runed translucent gate.
 37737 | D:12     | Found a runed translucent gate.
 37738 | D:12     | Noticed fly's ghost (journeyman DgDe)
 38038 | D:13     | Found Sachuerph's General Store.
 38736 | D:13     | Reached skill level 17 in Fighting
 39659 | D:13     | Found Soem's Distillery.
 39699 | D:13     | Found Reirch's Distillery.
 39866 | D:12     | Reached skill level 10 in Invocations
 40347 | D:12     | Identified the +0 hand axe of Disaster {protect, rPois
                  | Str+2 Int+2}
 40850 | D:13     | Reached skill level 1 in Evocations
 40914 | D:14     | Noticed Josephine
 40918 | D:14     | Noticed Louise
 40922 | D:14     | Killed Josephine
 40923 | D:14     | Killed Louise
 40923 | D:14     | Identified the +5 kite shield "Baletam" {rElec Will++ Str-5
                  | Int+4} (Okawaru gifted it to you on level 14 of the
                  | Dungeon)
 40923 | D:14     | Received a gift from Okawaru
 41271 | Orc:1    | Entered Level 1 of the Orcish Mines
 41538 | Orc:2    | Entered Level 2 of the Orcish Mines
 42329 | Orc:2    | Found a staircase to the Elven Halls.
 43448 | Orc:2    | Noticed an orc warlord
 43456 | Orc:2    | Killed an orc warlord
 44328 | Orc:2    | Reached skill level 5 in Evocations
 44725 | Orc:2    | Found Guutir's Magic Scroll Emporium.
 44748 | Orc:2    | Found an ancient bone altar of Kikubaaqudgha.
 44886 | Orc:2    | Found Caborph's Jewellery Emporium.
 44953 | Orc:2    | Found a radiant altar of Vehumet.
 45182 | Orc:2    | Found Nagad's Antique Weapon Shoppe.
 45412 | Orc:2    | Found Noriudemn's Jewellery Shoppe.
 45433 | Orc:2    | Bought the ring "Voduhy" {rC+ Will+ Stlth+} for 565 gold
                  | pieces
 45722 | D:13     | Received a gift from Okawaru
 46779 | D:14     | Reached XP level 16. HP: 183/183 MP: 23/23
 47200 | D:14     | Reached skill level 1 in Shields
 47250 | D:14     | Noticed Lodul
 47256 | D:14     | Killed Lodul
 47553 | D:14     | Found a gate to the Vaults.
 47612 | D:14     | Found a large runed translucent door.
 47612 | D:14     | Found a large runed translucent door.
 47613 | D:14     | Noticed ngirn's ghost (journeyman SpEn)
 47627 | D:14     | Killed ngirn's ghost
 47630 | D:14     | Identified the +2 ring mail "Xiabadwu" {-Cast rPois rF+}
 47902 | D:15     | Entered Level 15 of the Dungeon
 48066 | D:15     | Identified the +1 robe of Restlessness {SInv} (Okawaru
                  | gifted it to you on level 15 of the Dungeon)
 48066 | D:15     | Received a gift from Okawaru
 48315 | D:15     | Noticed Rupert
 48751 | D:14     | Reached skill level 18 in Fighting
 49023 | D:14     | Slain by an ettin

Illustrated notes

Levels and vault maps discovered:
D:1:      dpeg_arrival_water_temple_mockup, layout_rooms, serial_shops, shop
D:2:      layout_basic
D:3:      layout_basic, mainiacjoe_overflow_chevrons, minmay_diced_spiral,
          uniq_jessica, uniq_grinder, uniq_ijyb
D:4:      layout_layer_cave, nicolae_uskayaw_en_pointe, serial_shops,
          kennysheep_mini, grunt_decor_mini_mirrors, uniq_eustachio
D:5:      layout_basic, minivault_19, uniq_crazy_yiuf_cottage
D:6:      wad_river_or_something, layout_basic, mainiacjoe_overflow_swirl,
          kennysheep_another_room, dreamdust_princess_bridge, uniq_edmund
D:7:      layout_gridville, mainiacjoe_overflow_brackets,
          minmay_temple_entry_butterflies, hangedman_decor_peaks_small,
          amcnicky_mini_pool_small, uniq_menkaure
D:8:      layout_rooms, amcnicky_altar_gilded, nicolae_ossuary_entry_ruins,
          serial_glass, glass_columns_c, glass_columns_a, due_unseen_surprise,
          feat_on_display, minmay_strange_pillars, minmay_strange_pillars,
          uniq_erica
D:9:      layout_roguey, minmay_misc_feat_nine_boxes, hex_tiny, minivault_11,
          uniq_maggie
D:10:     layout_stronghold, general_overflow_altar, minmay_lair_entry_grove,
          serial_shops, shop_fountains, nicolae_stop_n_shop_1,
          nicolae_shop_bloodbath_and_beyond
D:11:     layout_cave_pools, hiddenorc2_lemuel
D:12:     minmay_isolated_rectangles_in_corner, layout_cave_pools,
          gammafunk_ghost_nasty_kobolds, nicolae_figureground_pulse,
          uniq_erolcha, uniq_nergalle
D:13:     layout_loops_ring, serial_shops, nicolae_lakefront_shop, shop,
          nicolae_shop_behind_doors, minmay_dual_archer_statues
D:14:     layout_rooms, grunt_vaults_entry_fortified, kennysheep_nondescript,
          ebering_ghost_disaster_area, uniq_louise, uniq_lodul, uniq_josephine
D:15:     hangedman_depths_entry_civil_slaughter, layout_loops_ring,
          maelrawn_ghost_gauntlet_escape, kiku_gazebo_pond_becter, uniq_rupert
Temple:   regret_index_temple_generic_petals
Lair:1:   layout_chaotic_city
Lair:2:   layout_hall_layers, nicolae_spider_entry_non_spiders,
          nicolae_quartered_pool_impasse, grunt_megastairs_3,
          serial_bayou_shore_b
Lair:3:   layout_loops_ring, skrybe_swamp_entry_bodies,
          ebering_ghost_funeral_grove
Lair:4:   layout_regular_city, dpeg_slime_entry_enclosed,
          portal_ice_cave_entry_imps, serial_bayou_pond_c,
          hangedman_lair_unloving_vines
Lair:5:   minmay_lair_end_enchanted_forest, layout_long_grid,
          patterned_corridor, serial_bayou_shore_b, infiniplex_staircase_pool,
          serial_bayou_shore_b, serial_bayou_shore_b
Orc:1:    layout_caves
Orc:2:    kennysheep_orc_mage_school, layout_diamond_mine

Skill      XL: |  1  2  3  4  5  6  7  8  9 10 11 12 13 14 15 16 |
---------------+-------------------------------------------------+-----
Throwing       | 3 5 6 7 9 10 11 13 14 | 14.0
Maces & Flails | 2 3 5 6 7 10 12 13 | 13.8
Fighting       | 3 4 5 7 8 10 12 15 16 17 18 | 18.3
Armour         | 1 2 3 4 5 7 |  7.0
Invocations    | 4 5 6 8 9 10 | 10.8
Dodging        | 3 4 5 6 |  6.0
Evocations     | 5 |  5.0
Shields        | 4 |  4.0
Axes           | |  3.2

Action                   |  1- 3 |  4- 6 |  7- 9 | 10-12 | 13-15 | 16-18 || total
-------------------------+-------+-------+-------+-------+-------+-------++-------
Melee: War axe           |    29 |       |       |       |       |       ||    29
       Dagger            |    41 |       |       |       |       |       ||    41
       Whip              |    58 |    61 |   147 |   438 |   625 |    69 ||  1398
       Punch             |       |       |     4 |     2 |    12 |       ||    18
       Dire flail        |       |       |       |    80 |   392 |       ||   472
       Giant spiked club |       |       |       |       |    44 |       ||    44
       Giant club        |       |       |       |       |   255 |    54 ||   309
 Fire: Triple crossbow   |       |       |       |     1 |       |       ||     1
Throw: Stone             |    11 |     2 |     6 |    57 |    21 |       ||    97
       Boomerang         |    24 |    24 |    61 |   144 |    97 |       ||   350
       Throwing net      |     4 |       |     3 |     2 |       |       ||     9
       Large rock        |     1 |     1 |     4 |     4 |    37 |    25 ||    72
       Dart              |       |     7 |    64 |    83 |   109 |    21 ||   284
       Javelin           |       |     2 |     6 |    13 |    17 |       ||    38
Invok: Heroism           |       |       |       |     4 |    13 |     1 ||    18
       Finesse           |       |       |       |       |     4 |       ||     4
Evoke: Wand              |       |       |     1 |     6 |     3 |       ||    10
  Use: Scroll            |       |     7 |     8 |    15 |     4 |       ||    34
       Potion            |       |       |       |     2 |       |       ||     2
 Stab: Sleeping          |     1 |       |       |     1 |     1 |       ||     3
       Distracted        |       |       |     1 |       |     3 |       ||     4
Armor: Robe              |    39 |    18 |    86 |   146 |    73 |       ||   362
       Ice dragon scales |       |       |       |       |   364 |    57 ||   421
Dodge: Dodged            |    62 |    20 |    83 |   225 |   411 |    32 ||   833
Block: Other             |       |       |       |    24 |       |       ||    24
       Kite shield       |       |       |       |       |   158 |    39 ||   197

Table legend: (Time is in decaauts)
 A = Elapsed time spent in this place.
 B = Non-inter-level travel time spent in this place.
 C = Inter-level travel time spent in this place.
 D = Time resting spent in this place.
 E = Time spent auto-exploring this place.
 F = Levels seen in this place.
 G = Mean time per level.
                   A        B        C        D        E       F      G
               +--------+--------+--------+--------+--------+-----+--------+
         Total |  48376 |  45677 |   2699 |  22499 |  13507 |  25 | 1935.0 |
       Dungeon |  26971 |  24905 |   2066 |  10550 |   8780 |  15 | 1798.1 |
        Temple |    309 |    246 |     63 |      0 |    240 |   1 |  309.0 |
          Lair |  11347 |  10932 |    415 |   5264 |   3674 |   5 | 2269.4 |
  Orcish Mines |   3964 |   3809 |    155 |   2108 |    747 |   2 | 1982.0 |
       Ossuary |    992 |    992 |      0 |    756 |      0 |   1 |  992.0 |
      Ice Cave |   4790 |   4790 |      0 |   3819 |     65 |   1 | 4790.0 |
               +--------+--------+--------+--------+--------+-----+--------+

Top non-repeatable levels by time:
   IceCv: 4790 daAuts
    D:13: 3232 daAuts
    D:10: 3202 daAuts
   Orc:2: 3017 daAuts
  Lair:1: 2971 daAuts
  Lair:5: 2729 daAuts
  Lair:2: 2648 daAuts
    D:14: 2626 daAuts
     D:6: 2284 daAuts
     D:5: 2179 daAuts
     D:8: 1905 daAuts
    D:11: 1895 daAuts
    D:12: 1817 daAuts
     D:4: 1630 daAuts
  Lair:4: 1602 daAuts
